 Dungeon Crawl Stone Soup version 0.30-a0-365-ge7f957f1db (webtiles) character file.

Game seed: 18113560539631765180

2214 bande the Cleaver (level 9, -3/55 HPs)
             Began as a Gargoyle Fighter on Nov 17, 2022.
             Slain by an orc warrior
             ... wielding a +0 halberd
              (9 damage)
             ... in a bailey.
             The game lasted 00:12:48 (7349 turns).

bande the Cleaver (Gargoyle Fighter)                Turns: 7349, Time: 00:12:48

Health: -3/55      AC: 19    Str: 26    XL:     9   Next: 35%
Magic:  9/9        EV: 11    Int:  9    God:
Gold:   463        SH:  5    Dex: 13    Spells: 8/8 levels left

rFire   . . .      SeeInvis .    a - +0 war axe
rCold   . . .      Faith    .    c - +0 buckler
rNeg    + . .      Spirit   .    h - +0 plate armour
rPois   ∞          Reflect  .    (no helmet)
rElec   +          Harm     .    (no cloak)
rCorr   .          Rampage  .    (no gloves)
Will    .....                    (no boots)
Stlth   ..........               (no amulet)
HPRegen 0.29/turn                i - +4 ring of evasion
MPRegen 0.11/turn                n - +6 ring of strength

@: no status effects
A: sickness immunity, AC +6, negative energy resistance 1, electricity
resistance, torment resistance 1, petrification resistance
a: no special abilities


You were in a bailey.
You visited 2 branches of the dungeon, and saw 8 of its levels.
You also visited: Sewer, Ossuary and Bailey.

You collected 463 gold pieces.

Inventory:

Hand Weapons
 a - a +0 war axe (weapon)
 l - a +0 flail
 m - a +0 war axe
Armour
 c - a +0 buckler (worn)
 h - a +0 plate armour (worn)
Jewellery
 i - a +4 ring of evasion (left hand)
 n - a +6 ring of strength (right hand)
 o - a +6 ring of intelligence
 t - a ring of magical power
Wands
 r - a wand of digging (3)
Scrolls
 f - 7 scrolls of identify
 j - 3 scrolls of teleportation
 k - a scroll of blinking
 v - a scroll of silence {unknown}
 y - a scroll of fear
 A - a scroll of brand weapon {unknown}
Potions
 b - a potion of ambrosia {unknown}
 d - 4 potions of might
 e - 7 potions of curing
 g - 4 potions of degeneration {unknown}
 p - a potion of heal wounds {unknown}
 q - a potion of mutation {unknown}
 s - 3 potions of attraction {unknown}
 u - a potion of magic {unknown}
 w - 2 potions of cancellation {unknown}
 x - 2 potions of lignification {unknown}
 z - a potion of brilliance {unknown}
 B - 3 potions of haste {unknown}


   Skills:
 + Level 6.1 Fighting
 + Level 8.3 Axes
 + Level 6.6 Armour
 + Level 5.0 Shields
 * Level 2.2 Evocations


You had 8 spell levels left.
You didn't know any spells.
Your spell library contained the following spells:

 Spells                   Type           Power      Damage    Failure   Level
 Freeze                   Ice            0%         1d3       99%         1
 Dazzling Flash           Conj/Hex       0%         N/A       100%        3
 Frozen Ramparts          Ice            0%         1d1       100%        3
 Hailstorm                Conj/Ice       0%         3d3       100%        3
 Agony                    Necr           0%         N/A       100%        5
 Silence                  Hex/Air        0%         N/A       100%        5


Dungeon Overview and Level Annotations

Branches:
Dungeon (7/15)             Temple (1/1) D:4           Sewer (visited)
Ossuary (visited)          Bailey (1/1)

Altars:
Ashenzari
Kikubaaqudgha
Makhleb
Nemelex Xobeh
Qazlal
Sif Muna
Trog
Vehumet
The Shining One
Lugonu


Innate Abilities, Weirdness & Mutations

You are immune to sickness and miasma.
Your stone body is resilient. (AC +6)
You are immune to poison.
You resist negative energy. (rN+)
You are resistant to electric shocks. (rElec)
You are resistant to unholy torment.
You are immune to petrification.


Message History

You slash the orc!
You kill the orc!
You closely miss the orc warrior. The orc completely misses you.
The orc warrior hits you but does no damage.
The orc hits you but does no damage. The orc barely misses you.
The orc misses you.
The orc warrior hits you from afar with a +0 halberd.
The orc hits you but does no damage.
Things that are here:
a +0 halberd; an orc corpse Unknown command.
The orc hits you but does no damage.
The orc warrior hits you from afar with a +0 halberd.
* * * LOW HITPOINT WARNING * * *
The orc hits you but does no damage. The orc closely misses you.
Unknown command.
You closely miss the orc. You completely miss the orc.
The orc barely misses you.
The orc warrior hits you but does no damage.
You block the orc's attack. x2
Unknown command.
You hit the orc.
The orc is lightly wounded.
You barely miss the orc. The orc barely misses you.
The orc warrior barely misses you. You block the orc's attack.
The orc misses you.
You hit the orc but do no damage.
The orc is lightly wounded.
You hit the orc. The orc warrior closely misses you.
The orc hits you but does no damage. x2; The orc misses you.
The orc hits you with a +0 halberd!
* * * LOW HITPOINT WARNING * * *
The orc hits you but does no damage.
The orc warrior hits you but does no damage.
The orc hits you but does no damage.
You slash the orc!
You kill the orc!
You hit the orc. The orc closely misses you.
The orc warrior hits you from afar with a +0 halberd!
You die...

############
#...o)@..∩.##
#.....#o))...#
#....###oo...#
'.....8..)..∩#
#....###.....#
#.. #......# #
......∩.##
#########


You could see an orc warrior and 3 orcs.

Vanquished Creatures
  A water moccasin (D:5)
  An ice beast (D:7)
  2 black bears
  6 kobold brigands
  A bullfrog (D:6)
  An elf skeleton (D:7)
  A necrophage (D:6)
  2 gnoll sergeants
  2 water moccasin zombies (Ossuary)
  2 hounds
  A human zombie (D:7)
  An orc priest (D:6)
  3 jellies
  4 human skeletons (D:7)
  3 orc wizards
  Natasha (D:2)
  7 iguanas
  2 mummies (Ossuary)
  14 gnolls
  3 adders
  4 river rats (Sewer)
  A shadow imp (D:6)
  2 white imps (D:6)
  An ufetubus (D:5)
  3 adder zombies (Ossuary)
  5 worms
  3 dart slugs
  26 orcs
  7 ball pythons
  5 bats
  8 endoplasms
  2 giant cockroaches
  2 gnoll zombies (Ossuary)
  10 goblins
  8 hobgoblins
  5 quokkas
  A frilled lizard (D:3)
  11 hobgoblin zombies (Ossuary)
  29 kobolds
  7 kobold zombies (Ossuary)
  An orc skeleton (D:7)
  6 orc zombies
  17 rats
222 creatures vanquished.

Vanquished Creatures (others)
  2 fungi (D:1)
  A plant (D:1)
3 creatures vanquished.

Grand Total: 225 creatures vanquished

Notes
Turn   | Place    | Note
-------+----------+-------------------------------------------
     0 | D:1      | bande the Gargoyle Fighter began the quest for the Orb.
     0 | D:1      | Reached XP level 1. HP: 14/14 MP: 1/1
   123 | D:1      | Reached XP level 2. HP: 18/19 MP: 2/2
   177 | D:1      | Reached skill level 2 in Axes
   536 | D:1      | Reached XP level 3. HP: 22/23 MP: 3/3
   545 | D:1      | Found a faded altar of an unknown god.
  1337 | D:2      | Reached XP level 4. HP: 29/29 MP: 4/4
  2055 | D:2      | Noticed Natasha
  2062 | D:2      | Killed Natasha
  2063 | D:2      | Reached skill level 3 in Axes
  2063 | D:2      | Reached XP level 5. HP: 27/33 MP: 5/5
  3157 | D:4      | Found a staircase to the Ecumenical Temple.
  3167 | Temple   | Entered the Ecumenical Temple
  3311 | D:4      | Reached skill level 4 in Axes
  3311 | D:4      | Reached XP level 6. HP: 38/38 MP: 6/6
  4029 | D:5      | Entered Level 5 of the Dungeon
  4067 | D:5      | Found a burning altar of Makhleb.
  4113 | D:5      | Found a glowing drain.
  4122 | D:5      | Reached skill level 5 in Armour
  4122 | D:5      | Reached XP level 7. HP: 12/44 MP: 7/7
  4132 | Sewer    | Entered a sewer
  4384 | Sewer    | Reached skill level 5 in Axes
  5170 | D:5      | Reached skill level 6 in Axes
  5170 | D:5      | Reached XP level 8. HP: 24/48 MP: 8/8
  5369 | D:5      | Reached skill level 5 in Fighting
  6313 | D:6      | Reached skill level 7 in Axes
  6440 | D:6      | Reached skill level 1 in Evocations
  6560 | D:6      | Reached XP level 9. HP: 54/55 MP: 9/9
  6995 | D:7      | Found a sand-covered staircase.
  7000 | Ossuary  | Entered an ossuary
  7082 | Ossuary  | Reached skill level 8 in Axes
  7266 | D:7      | Found a flagged portal.
  7300 | D:7      | Reached skill level 5 in Shields
  7310 | Bailey   | Entered a bailey
  7349 | Bailey   | Slain by an orc warrior

Illustrated notes

Levels and vault maps discovered:
D:1:      minmay_arrival_jagged, layout_loops_ring,
          shapermc_ecumenical_altar_mp_urbaneastern, dk_noncrumbling_3,
          due_unseen_surprise
D:2:      layout_loops_ring, uniq_natasha
D:3:      layout_loops_cross, minmay_quadrilaterals
D:4:      layout_loops_ring, minmay_temple_entry_grid
D:5:      layout_gridville, old_standard_altar, cheibrodos_sewer_entry_drain
D:6:      cheibrodos_iron_armory, layout_basic, kennysheep_generic_room_3
D:7:      layout_loops_corners, nicolae_overflow_hidden_temple,
          nicolae_ossuary_entry_catacombs, enter_bailey_5, uniq_joseph
Temple:   corrupted_temple
Bailey:   bailey_polearm_5, bailey

Skill      XL: |  1  2  3  4  5  6  7  8  9 |
---------------+----------------------------+-----
Axes           | 2 3 4 6 7 8 |  8.3
Armour         | 4 5 6 |  6.6
Fighting       | 4 5 6 |  6.1
Shields        | 4 5 |  5.0
Evocations     | 1 2 |  2.2

Action                   |  1- 3 |  4- 6 |  7- 9 || total
-------------------------+-------+-------+-------++-------
Melee: War axe           |    93 |   211 |   461 ||   765
  Use: Scroll            |       |     8 |     4 ||    12
Armor: Scale mail        |    27 |       |       ||    27
       Plate armour      |    45 |   126 |   251 ||   422
Dodge: Dodged            |    50 |   107 |   227 ||   384
Block: Buckler           |    23 |    58 |    90 ||   171

Table legend: (Time is in decaauts)
 A = Elapsed time spent in this place.
 B = Non-inter-level travel time spent in this place.
 C = Inter-level travel time spent in this place.
 D = Time resting spent in this place.
 E = Time spent auto-exploring this place.
 F = Levels seen in this place.
 G = Mean time per level.
                   A        B        C        D        E       F      G
               +--------+--------+--------+--------+--------+-----+--------+
         Total |   7723 |   7580 |    143 |   1259 |   4337 |  11 |  702.1 |
       Dungeon |   6303 |   6160 |    143 |   1055 |   3607 |   7 |  900.4 |
        Temple |     44 |     44 |      0 |      0 |     23 |   1 |   44.0 |
         Sewer |   1127 |   1127 |      0 |    204 |    593 |   1 | 1127.0 |
       Ossuary |    207 |    207 |      0 |      0 |     97 |   1 |  207.0 |
        Bailey |     39 |     39 |      0 |      0 |     17 |   1 |   39.0 |
               +--------+--------+--------+--------+--------+-----+--------+

Top non-repeatable levels by time:
     D:1: 1312 daAuts
     D:2: 1155 daAuts
   Sewer: 1127 daAuts
     D:5: 972 daAuts
     D:6: 933 daAuts
     D:4: 845 daAuts
     D:3: 785 daAuts
     D:7: 299 daAuts
 Ossuary: 207 daAuts
  Temple: 44 daAuts
  Bailey: 39 daAuts
